 Dungeon Crawl Stone Soup version 0.28-a0-1190-g77e1c55843 (webtiles) character file.

Game seed: 10165284818950432444

46 karrick the Sneak (level 3, -2/25 HPs)
             Began as a Gnoll Enchanter on Dec 19, 2021.
             Frozen to death by an endoplasm (4 damage)
             ... on level 1 of the Dungeon.
             The game lasted 00:02:59 (1771 turns).

karrick the Sneak (Gnoll Enchanter)                 Turns: 1771, Time: 00:03:00

Health: -2/25      AC:  2    Str:  9    XL:     3   Next: 68%
Magic:  6/9        EV: 13    Int: 14    God:
Gold:   22         SH:  0    Dex: 12    Spells: 9/12 levels left

rFire   . . .      SeeInvis .   a - +1 dagger
rCold   . . .      Faith    .   (no shield)
rNeg    . . .      Spirit   .   b - +0 robe
rPois   .          Reflect  .   (no helmet)
rElec   .          Harm     .   (no cloak)
rCorr   .          Rampage  .   (no gloves)
Will    .....                   (no boots)
Stlth   ++........              (no amulet)
HPRegen 0.08/turn               (no ring)
MPRegen 0.11/turn               (no ring)

@: confusing by touch, very slow
A: fangs 1, strong nose, distributed training
a: no special abilities


You were on level 1 of the Dungeon.
You visited 1 branch of the dungeon, and saw 2 of its levels.

You collected 22 gold pieces.

Inventory:

Hand Weapons
 a - a +1 dagger (weapon)
Armour
 b - a +0 robe (worn)
Scrolls
 d - a scroll of silence {unknown}
 f - a scroll of identify {unknown}
Potions
 c - a potion of invisibility
 e - a potion of degeneration {unknown}
 g - a potion of heal wounds {unknown}
 h - a potion of magic {unknown}


   Skills:
 + Level 0.9 Fighting
 + Level 2.6 Short Blades
 + Level 0.9 Long Blades
 + Level 0.9 Axes
 + Level 0.9 Maces & Flails
 + Level 0.9 Polearms
 + Level 0.9 Staves
 + Level 0.9 Slings
 + Level 0.9 Bows
 + Level 0.9 Crossbows
 + Level 0.9 Throwing
 + Level 0.9 Armour
 + Level 4.5 Dodging
 + Level 6.0 Stealth
 + Level 0.9 Shields
 + Level 0.9 Unarmed Combat
 + Level 5.0 Spellcasting
 + Level 0.6 Conjurations
 + Level 5.4 Hexes
 + Level 0.6 Summonings
 + Level 0.6 Necromancy
 + Level 0.6 Translocations
 + Level 0.6 Transmutations
 + Level 0.6 Fire Magic
 + Level 0.6 Ice Magic
 + Level 0.6 Air Magic
 + Level 0.6 Earth Magic
 + Level 0.6 Poison Magic
 + Level 1.0 Invocations
 + Level 0.9 Evocations


You had 9 spell levels left.
You knew the following spells:

 Your Spells              Type           Power      Damage    Failure   Level
a - Confusing Touch       Hex            18%        N/A       5%          3

Your spell library contained the following spells:

 Spells                   Type           Power      Damage    Failure   Level
 Tukima's Dance           Hex            18%        N/A       5%          3
 Ensorcelled Hibernation  Hex/Ice        24%        N/A       8%          2
 Dazzling Flash           Conj/Hex       24%        N/A       16%         3
 Scorch                   Fire           10%        2d5       21%         2
 Flame Wave               Conj/Fire      5%         2d4       80%         4
 Summon Cactus Giant      Summ           2%         N/A       100%        6


Dungeon Overview and Level Annotations

Branches:
Dungeon (2/15)

Altars:


Innate Abilities, Weirdness & Mutations

You have very sharp teeth.
Your uncanny sense of smell can sniff out nearby items.
Your experience applies equally to all skills.


Message History

You hit the endoplasm but do no damage. The endoplasm hits you.
You hit the endoplasm.
The endoplasm is moderately wounded.
The endoplasm misses you.
You hit the endoplasm but do no damage. Your bite misses the endoplasm.
The endoplasm is moderately wounded.
The endoplasm freezes you.
You are frozen.
You hit the endoplasm but do no damage.
The endoplasm is moderately wounded.
You hit the endoplasm.
You bite the endoplasm, but do no damage.
The endoplasm is heavily wounded.
The endoplasm hits you.
You hit the endoplasm but do no damage.
The endoplasm is heavily wounded.
The endoplasm jiggles.
The endoplasm hits you.
You are too injured to fight recklessly!
You are too injured to fight recklessly!
Casting: Confusing Touch (quite dangerous; 5% risk of failure)
Confirm with . or Enter, or press ? or * to list all spells.
The spell is quite dangerous to miscast (5% risk of failure)!
Continue anyway?
Your hands begin to glow red.
The endoplasm freezes you.
You are frozen.
You enter the shallow water.
Moving in this stuff is going to be slow.
The endoplasm barely misses you. The endoplasm misses you.
The endoplasm freezes you.
You are frozen.
* * * LOW HITPOINT WARNING * * *
The endoplasm hits you.
* * * LOW HITPOINT WARNING * * *
The endoplasm freezes you.
You are frozen.
* * * LOW HITPOINT WARNING * * *
The endoplasm freezes you.
You are frozen.
You die...

#................ ∆
##.........#.#####
##..........#..####
#..................
#.#.....≈≈≈........
#.#...≈≈≈≈≈≈.(...≈≈
#...≈≈≈≈≈≈≈≈....≈≈≈
#####..≈≈≈≈#####....≈≈≈
#.[..J@≈≈≈##...##....≈≈
...#..≈≈≈≈≈#.....#....≈≈
. #...≈≈≈≈≈#.>...'....≈≈
.......≈≈≈≈#.....#.....≈
.......≈≈≈≈##...##......
.......≈≈≈≈≈#####≈≈.....
.......≈≈≈≈≈≈≈≈≈≈≈≈≈≈...
........≈≈≈≈≈≈≈≈≈≈≈≈≈†..
..##....≈≈≈≈≈≈≈≈≈≈≈≈≈≈..


You could see an endoplasm.

Vanquished Creatures
  2 adders (D:2)
  A dart slug (D:2)
  7 ball pythons
  2 giant cockroaches (D:2)
  5 hobgoblins
  A kobold (D:2)
  4 bats
  A frilled lizard (D:1)
  3 rats (D:2)
26 creatures vanquished.

Notes
Turn   | Place    | Note
-------+----------+-------------------------------------------
     0 | D:1      | karrick the Gnoll Enchanter began the quest for the Orb.
     0 | D:1      | Reached XP level 1. HP: 13/13 MP: 6/6
   261 | D:2      | Reached XP level 2. HP: 20/20 MP: 7/7
   836 | D:2      | Reached XP level 3. HP: 25/25 MP: 9/9
   839 | D:2      | Reached skill level 5 in Spellcasting
   976 | D:2      | Learned a level 3 spell: Confusing Touch
   994 | D:2      | Reached skill level 6 in Stealth
  1265 | D:2      | Reached skill level 1 in Invocations
  1549 | D:1      | Found a faded altar of an unknown god.
  1771 | D:1      | Frozen to death by an endoplasm

Illustrated notes

Levels and vault maps discovered:
D:1:      minmay_arrival_shoal_huts, layout_rooms,
          nicolae_ecumenical_snake_handling, minmay_tall_x
D:2:      layout_basic

Skill      XL: |  1  2  3 |
---------------+----------+-----
Spellcasting   | 5 |  5.0
Stealth        | 6 |  6.0
Invocations    | 1 |  1.0
Fighting       | |  0.9
Short Blades   | |  2.6
Long Blades    | |  0.9
Axes           | |  0.9
Maces & Flails | |  0.9
Polearms       | |  0.9
Staves         | |  0.9
Slings         | |  0.9
Bows           | |  0.9
Crossbows      | |  0.9
Throwing       | |  0.9
Armour         | |  0.9
Dodging        | |  4.5
Shields        | |  0.9
Unarmed Combat | |  0.9
Conjurations   | |  0.6
Hexes          | |  5.4
Summonings     | |  0.6
Necromancy     | |  0.6
Translocations | |  0.6
Transmutations | |  0.6
Fire Magic     | |  0.6
Ice Magic      | |  0.6
Air Magic      | |  0.6
Earth Magic    | |  0.6
Poison Magic   | |  0.6
Evocations     | |  0.9

Action                   || total
-------------------------++-------
Melee: Dagger            ||   123
       Bite              ||     5
 Cast: Confusing Touch   ||     4
 Stab: Sleeping          ||     7
       Confused          ||     3
       Distracted        ||     1
Armor: Robe              ||    30
Dodge: Dodged            ||    93

Table legend: (Time is in decaauts)
 A = Elapsed time spent in this place.
 B = Non-inter-level travel time spent in this place.
 C = Inter-level travel time spent in this place.
 D = Time resting spent in this place.
 E = Time spent auto-exploring this place.
 F = Levels seen in this place.
 G = Mean time per level.
                   A        B        C        D        E       F      G
               +--------+--------+--------+--------+--------+-----+--------+
         Total |   1763 |   1714 |     49 |      0 |   1410 |   2 |  881.5 |
       Dungeon |   1763 |   1714 |     49 |      0 |   1410 |   2 |  881.5 |
               +--------+--------+--------+--------+--------+-----+--------+

Top non-repeatable levels by time:
     D:2: 1486 daAuts
     D:1: 277 daAuts
